 Dungeon Sprint DCSS version 0.27.1-1-g398f81649c (webtiles) character file.

Game seed: 920112868214242762

12374 ugugthedestroyer the Corrupter of Planes (level 11, -1/93 HPs)
             Began as a Demonspawn Abyssal Knight on Sept 6, 2021.
             Was the Champion of Lugonu.
             Slain by Grum (4 damage)
             ... in the Dungeon (Sprint IX: "|||||||||||||||||||||||||||||") on Sept 7, 2021.
             The game lasted 00:08:41 (1953 turns).

ugugthedestroyer the Corrupter of Planes (DsAK)     Turns: 1953, Time: 00:08:42

Health: -1/93      AC: 16    Str: 15    XL:     11   Next: 61%
Magic:  26/26      EV: 14    Int: 17    God:    Lugonu [******]
Gold:   7          SH:  0    Dex: 13    Spells: 10/10 levels left

rFire    . . .     SeeInvis .   j - +2 Maxwell's thermic engine {flame, freeze}
rCold    . . .     Faith    .   (no shield)
rNeg     . . .     Spirit   .   b - +2 leather armour
rPois    .         Reflect  .   l - +0 helmet
rElec    .         Harm     .   o - +0 cloak
rCorr    .         Rampage  .   q - +0 pair of gloves
Will     .....     NoTele   +   k - +0 pair of boots
Stlth    ++........             (no amulet)
HPRegen  0.25/turn              m - +2 ring of protection
MPRegen  0.20/turn              n - +3 ring of intelligence

@: slowed, very slow
A: claws 2, slimy green scales 2, ignite blood 2, powered by death 1
a: Renounce Religion, Bend Space, Banish, Corrupt, Brand Weapon With Distortion


You were in the Dungeon.
You worshipped Lugonu.
Lugonu was exalted by your worship.
You visited 1 branch You collected 7 gold pieces.

Inventory:

Hand Weapons
 j - the +2 Maxwell's thermic engine (weapon) {flame, freeze}
   (You found it in the Dungeon)

   It burns those it strikes, dealing additional fire damage.
   Big, fiery blades are also staple armaments of hydra-hunters.
   It freezes those it strikes, dealing additional cold damage.
   It can also slow down cold-blooded creatures.
   It becomes more effective when it hits something.
   This effect fades over time.
Armour
 b - a +2 leather armour (worn)
 k - a +0 pair of boots (worn)
 l - a +0 helmet (worn)
 o - a +0 cloak (worn)
 q - a +0 pair of gloves (worn)
Jewellery
 m - a +2 ring of protection (left hand)
 n - a +3 ring of intelligence (right hand)
Wands
 i - a wand of iceblast (10)
Scrolls
 e - 2 scrolls of fog
 g - 2 scrolls of amnesia
 h - 2 scrolls of blinking
Potions
 c - 5 potions of curing
 d - a potion of resistance
 f - 4 potions of magic


   Skills:
 + Level 11.3 Fighting
 + Level 13.2 Long Blades
 + Level 6.8 Armour
 * Level 7.5 Dodging
 - Level 3.2 Stealth
 * Level 23.4 Invocations


You had 10 spell levels left.
You didn't know any spells.
Your spell library contained the following spells:

 Spells                   Type           Power      Damage    Failure   Level
 Animate Skeleton         Necr           0%         N/A       28%         1
 Apportation              Tloc           0%         N/A       28%         1
 Corona                   Hex            0%         N/A       28%         1
 Summon Small Mammal      Summ           0%         N/A       28%         1


Dungeon Overview and Level Annotations

Branches:
Dungeon (1/1)

Altars:
Cheibriados
Dithmenos
Elyvilon
Fedhas
Gozag
Hepliaklqana
Kikubaaqudgha
Makhleb
Nemelex Xobeh
Okawaru
Qazlal
Ru
Sif Muna
Trog
Uskayaw
Vehumet
Wu Jian
Xom
Yredelemnul
Zin
The Shining One
Beogh
Jiyva
Lugonu

Annotations:
D Grum


Innate Abilities, Weirdness & Mutations

You have very sharp fingernails.
You are mostly covered in slimy green scales. (AC +3)
Your demonic aura often causes spilled blood to erupt in flames.
You regenerate a little health from kills.


Message History

Sonja hits you with a +2 dagger of distortion.
Space warps horribly around you!
Sonja mumbles some strange words.
Sonja blinks!
Press: ? - help, Shift-Dir - straight line, f - Sonja
Aim: Sonja, wielding a +2 dagger of distortion and quivering curare-tipped darts (lightly wounded, chance to affect: 95%) Sonja is devoured by a tear in reality.
Lugonu claims a new guest.
Lugonu will corrupt your weapon with distortion... once.
Lugonu is no longer ready to corrupt your weapon.
You feel very sick.
A wolf comes into view.
You feel better.
The wolf howls!
The wolf misses you. The wolf bites you but does no damage.
You closely miss the wolf. The wolf bites you but does no damage.
The wolf bites you.
You barely miss the wolf. The wolf closely misses you.
You riposte.
You hit the wolf but do no damage. You freeze the wolf.
The wolf is lightly wounded.
The wolf misses you.
You barely miss the wolf.
The wolf is lightly wounded.
The wolf bites you but does no damage. The wolf bites you.
You slice the wolf!! You burn the wolf.
You kill the wolf!
Lugonu accepts your kill.
Lugonu will corrupt your weapon with distortion... once.
You see here a wolf corpse.
Grum the Hunter comes into view.
He is wielding a -1 vorpal halberd.
A wolf comes into view.
A wolf comes into view.
The wolf howls!
A wolf comes into view.
Grum hits you but does no damage.
Grum hits you with a -1 vorpal halberd! x2
* * * LOW HITPOINT WARNING * * *
x2 You barely miss Grum.
Grum hits you with a -1 vorpal halberd!
* * * LOW HITPOINT WARNING * * *
You die...

▓.▓.▓.▓
▓.▓'▓.▓.▓
▓.▓.▓.▓.▓
▓.▓.▓.▓.▓
▓h▓.▓.▓'▓
▓h▓.▓.▓)▓
▓h▓.▓.▓.▓
▓g▓!▓.▓.▓
▓@▓[▓.▓.▓
▓○▓(▓.▓.▓
▓.▓.▓.▓'▓
▓.▓.▓.▓_▓
▓.▓.▓.▓_▓
▓†▓.▓.▓_▓
▓.▓.▓.▓_▓
▓.▓†▓.▓_▓
▓.▓.▓.▓_▓


You could see Grum and 3 wolves.

Vanquished Creatures
  A catoblepas (D)
  A two-headed ogre (D)
  2 death yaks (D)
  2 black mambas (D)
  2 cane toads (D)
  A troll (D)
  A blink frog (D)
  A yak (D)
  A basilisk (D)
  A vampire mosquito (D)
  4 water moccasins (D)
  An ogre (D)
  4 wolves (D)
  A phantom (D)
  3 bullfrogs (D)
  A hound (D)
  An ufetubus (D)
  A dart slug (D)
  A bat skeleton (D)
  2 hobgoblins (D)
  A jackal (D)
  A ball python zombie (D)
  A giant cockroach zombie (D)
  A quokka zombie (D)
  A rat (D)
37 creatures vanquished.

Notes
Turn   | Place    | Note
-------+----------+-------------------------------------------
     0 | D        | ugugthedestroyer the Demonspawn Abyssal Knight began the
                  | quest for the Orb.
     0 | D        | Reached XP level 1. HP: 18/18 MP: 2/2
    11 | D        | Reached skill level 1 in Dodging
    15 | D        | Reached ** piety under Lugonu
    21 | D        | Reached skill level 3 in Invocations
   254 | D        | Noticed a phantom
   254 | D        | Noticed a hound
   254 | D        | Noticed an ogre
   273 | D        | Killed a phantom
   273 | D        | Reached *** piety under Lugonu
   274 | D        | Reached skill level 5 in Invocations
   274 | D        | Gained mutation: You regenerate a little health from kills.
                  | [demonic ancestry]
   274 | D        | Reached XP level 2. HP: 16/28 MP: 3/5
   274 | D        | Gained mutation: You are partially covered in slimy green
                  | scales. (AC +2) [demonic ancestry]
   274 | D        | Reached XP level 3. HP: 19/34 MP: 3/6
   274 | D        | Gained mutation: You are mostly covered in slimy green
                  | scales. (AC +3) [demonic ancestry]
   274 | D        | Reached XP level 4. HP: 23/40 MP: 3/7
   280 | D        | Killed an ogre
   281 | D        | Reached skill level 5 in Long Blades
   281 | D        | Reached skill level 6 in Invocations
   281 | D        | Gained mutation: You have sharp fingernails. [demonic
                  | ancestry]
   281 | D        | Reached XP level 5. HP: 32/48 MP: 3/10
   281 | D        | Reached **** piety under Lugonu
   287 | D        | Found a snail-covered altar of Cheibriados.
   287 | D        | Found a shadowy altar of Dithmenos.
   287 | D        | Found a blossoming altar of Fedhas.
   287 | D        | Found an opulent altar of Gozag.
   288 | D        | Found a hazy altar of Hepliaklqana.
   289 | D        | Found a viscous altar of Jiyva.
   290 | D        | Found an ancient bone altar of Kikubaaqudgha.
   291 | D        | Found a corrupted altar of Lugonu.
   292 | D        | Found a burning altar of Makhleb.
   293 | D        | Found a sparkling altar of Nemelex Xobeh.
   294 | D        | Found an iron altar of Okawaru.
   295 | D        | Found a stormy altar of Qazlal.
   296 | D        | Found a sacrificial altar of Ru.
   297 | D        | Found a shimmering blue altar of Sif Muna.
   298 | D        | Found a bloodstained altar of Trog.
   299 | D        | Found a hide-covered altar of Uskayaw.
   300 | D        | Found a radiant altar of Vehumet.
   301 | D        | Found an ornate altar of the Wu Jian Council.
   302 | D        | Found a shimmering altar of Xom.
   303 | D        | Found a basalt altar of Yredelemnul.
   313 | D        | Found the +2 Maxwell's thermic engine {flame, freeze}
   386 | D        | Noticed a wraith
   386 | D        | Noticed a troll
   386 | D        | Noticed a two-headed ogre
   392 | D        | Banished a wraith
   393 | D        | Reached skill level 8 in Invocations
   393 | D        | Gained mutation: Your demonic aura sometimes causes spilled
                  | blood to erupt in flames. [demonic ancestry]
   393 | D        | Reached XP level 6. HP: 44/57 MP: 6/12
   401 | D        | Killed a troll
   402 | D        | Reached skill level 5 in Armour
   402 | D        | Reached XP level 7. HP: 47/63 MP: 7/13
   409 | D        | Killed a two-headed ogre
   410 | D        | Reached skill level 10 in Long Blades
   410 | D        | Reached skill level 5 in Dodging
   410 | D        | Reached skill level 1 in Stealth
   410 | D        | Reached skill level 10 in Invocations
   410 | D        | Reached XP level 8. HP: 35/71 MP: 9/15
   411 | D        | Reached ***** piety under Lugonu
   418 | D        | Noticed a slime creature
   418 | D        | Noticed a five-headed hydra
   418 | D        | Noticed a cyclops
   418 | D        | Noticed a centaur warrior
   418 | D        | Noticed a boulder beetle
   420 | D        | Banished a slime creature
   421 | D        | Reached skill level 11 in Invocations
   530 | D        | Banished a five-headed hydra
   531 | D        | Reached skill level 13 in Invocations
   531 | D        | Reached XP level 9. HP: 70/78 MP: 12/18
   532 | D        | Banished a cyclops
   533 | D        | Reached skill level 10 in Fighting
   533 | D        | Reached skill level 14 in Invocations
   533 | D        | Banished a centaur warrior
   534 | D        | Reached skill level 15 in Invocations
   690 | D        | Banished a boulder beetle
   691 | D        | Reached skill level 17 in Invocations
   691 | D        | Gained mutation: You have very sharp fingernails. [demonic
                  | ancestry]
   691 | D        | Reached XP level 10. HP: 63/85 MP: 16/22
   804 | D        | Noticed a cane toad
   804 | D        | Noticed a black mamba
   805 | D        | Noticed a cane toad
   813 | D        | Killed a cane toad
   814 | D        | Reached skill level 18 in Invocations
   818 | D        | Killed a black mamba
   827 | D        | Reached ****** piety under Lugonu
   827 | D        | Banished a cane toad
   828 | D        | Reached skill level 19 in Invocations
  1062 | D        | Noticed a black mamba
  1062 | D        | Noticed a cane toad
  1073 | D        | Killed a black mamba
  1078 | D        | Killed a cane toad
  1098 | D        | Noticed a death yak
  1098 | D        | Noticed a death yak
  1098 | D        | Noticed a catoblepas
  1098 | D        | Noticed a catoblepas
  1098 | D        | Noticed a catoblepas
  1098 | D        | Noticed a death yak
  1100 | D        | Banished a death yak
  1101 | D        | Reached skill level 20 in Invocations
  1101 | D        | Banished a death yak
  1102 | D        | Gained mutation: Your demonic aura often causes spilled
                  | blood to erupt in flames. [demonic ancestry]
  1102 | D        | Reached XP level 11. HP: 93/93 MP: 11/25
  1103 | D        | Banished a catoblepas
  1104 | D        | Reached skill level 21 in Invocations
  1104 | D        | Noticed a catoblepas
  1109 | D        | Noticed a death yak
  1429 | D        | Banished a catoblepas
  1430 | D        | Banished a catoblepas
  1450 | D        | Killed a catoblepas
  1451 | D        | Reached skill level 22 in Invocations
  1683 | D        | Killed a death yak
  1687 | D        | Killed a death yak
  1688 | D        | Reached skill level 23 in Invocations
  1936 | D        | Noticed Sonja
  1940 | D        | Banished Sonja
  1949 | D        | Noticed Grum
  1953 | D        | HP: 3/93 [Grum (11)]
  1953 | D        | Slain by Grum

Illustrated notes

Levels and vault maps discovered:
D:        linesprint [early_d, line_temple, items_1, d_10, items_2, lair_1,
          lair_end, items_3, orc_1, orc_end, items_4, d_15, swamp_1, shoals_1,
          snake_1, spider_1, d_20, vaults_1, items_5, swamp_end, shoals_end,
          snake_end, spider_end, vaults_end, d_27, items_6, zot_1, zot_end,
          crypt_end, forest_end, elf_end, slime_end, tomb_end, abyss_end,
          pan_hell_end]

Skill      XL: |  1  2  3  4  5  6  7  8  9 10 11 |
---------------+----------------------------------+-----
Long Blades    | 4 5 7 8 10 11 12 13 | 13.2
Armour         | 3 4 5 6 |  6.8
Dodging        | 1 2 3 5 6 7 |  7.5
Fighting       | 6 7 8 9 10 11 | 11.3
Invocations    | 5 6 8 10 13 17 20 23 | 23.4
Stealth        | 1 2 3 |  3.2

Action                   |  1- 3 |  4- 6 |  7- 9 | 10-12 || total
-------------------------+-------+-------+-------+-------++-------
Melee: Falchion          |    34 |     7 |       |       ||    41
       Double sword      |       |    11 |    15 |    68 ||    94
Invok: Banish            |       |     1 |     7 |    20 ||    28
  Use: Potion            |     3 |     3 |       |     4 ||    10
       Scroll            |       |       |       |     4 ||     4
 Stab: Invisible         |       |       |     2 |       ||     2
Armor: Leather armour    |     3 |    12 |     2 |    36 ||    53
Dodge: Dodged            |     8 |    20 |    13 |    43 ||    84
       Rpst.: Falchion   |     4 |     1 |       |       ||     5
       Double sword      |       |     2 |     4 |    16 ||    22
